 Dungeon Sprint DCSS version 0.30.1-9-gdf580d7c3d (webtiles) character file.

Game seed: 10973012169704894218

55077 Heoruswealwe the Minotaur Porcupine (level 14, -7/157 HPs)
             Began as a Minotaur Fighter on Oct 14, 2023.
             Was an Initiate of Gozag.
             Mangled by a harpy (22 damage)
             ... in the Dungeon (Sprint IX: "|||||||||||||||||||||||||||||").
             The game lasted 00:39:35 (4356 turns).

Heoruswealwe the Minotaur Porcupine (MiFi)          Turns: 4356, Time: 00:39:38

Health: -7/157     AC: 23    Str: 29    XL:     14   Next: 37%
Magic:  23/23      EV: 11    Int: 13    God:    Gozag
Gold:   4429       SH:  5    Dex: 10    Spells: 13/13 levels left

rFire   + . .        b - +2 halberd of Massacring {flame, rF+ Will+ Int+3}
rCold   . . .        (shield currently unavailable)
rNeg    . . .        c - +2 crystal plate armour
rPois   .            g - +3 hat of Pondering {ponderous, Will+ MP+10 Int+5}
rElec   .            h - +0 cloak
rCorr   .            f - +0 pair of gloves
SInv    .            e - +0 pair of boots
Will    +++..        i - amulet of reflection Stlth
                     k - +3 ring of strength
HPRegen 0.46/turn    j - +2 ring of protection
MPRegen 0.18/turn

%: no teleportation, reflection
@: corroded, gold aura, slow
A: horns 2, retaliatory headbutt
a: Renounce Religion, Potion Petition, Call Merchant, Bribe Branch


You were in the Dungeon.
You worshipped Gozag.
Gozag was most pleased with you.
You visited 1 branch You collected 16556 gold pieces.
You spent 6543 gold pieces at shops.
You paid 5584 gold pieces to Gozag.

Inventory:

Hand Weapons
 a - a +0 trident
 b - the +2 halberd of Massacring (weapon) {flame, rF+ Will+ Int+3}
   (You bought it in a shop in the Dungeon)

   Int:       It affects your intelligence (+3).
   rF:        It protects you from fire.
   Will:      It increases your willpower.
Armour
 c - a +2 crystal plate armour (worn)
 d - a +0 buckler
 e - a +0 pair of boots (worn)
 f - a +0 pair of gloves (worn)
 g - the +3 hat of Pondering (worn) {ponderous, Will+ MP+10 Int+5}
   (You took it off Gastronok in the Dungeon)

   Int:       It affects your intelligence (+5).
   MP:        It affects your magic capacity (+10).
   Will:      It increases your willpower.
 h - a +0 cloak (worn)
Jewellery
 i - an amulet of reflection (around neck)
 j - a +2 ring of protection (right hand)
 k - a +3 ring of strength (left hand)
 v - a ring of poison resistance
Wands
 m - a wand of roots (10)
 s - a wand of paralysis (6)
Scrolls
 o - 2 scrolls of blinking
 q - 4 scrolls of enchant weapon
 t - 5 scrolls of identify
 x - 3 scrolls of enchant armour
Potions
 l - 4 potions of curing
 n - 2 potions of might
 p - 4 potions of mutation
 u - a potion of heal wounds
Miscellaneous
 r - a box of beasts
 y - a phial of floods


   Skills:
 + Level 23.5 Fighting
 O Level 27 Polearms
 + Level 25.5 Armour
 + Level 12.1 Dodging
 + Level 13.7 Shields
 + Level 10.3 Evocations


You had 13 spell levels left.
You didn't know any spells.
Your spell library was empty.

Dungeon Overview and Level Annotations

Branches:
Dungeon (1/1)

Altars:
Cheibriados
Dithmenos
Elyvilon
Fedhas
Gozag
Hepliaklqana
Kikubaaqudgha
Makhleb
Nemelex Xobeh
Okawaru
Qazlal
Ru
Sif Muna
Trog
Uskayaw
Vehumet
Wu Jian
Xom
Yredelemnul
Zin
The Shining One
Jiyva
Lugonu

Shops:
D *::***(**?


Innate Abilities, Weirdness & Mutations

You have a pair of horns on your head.
You reflexively headbutt those who attack you in melee.


Message History

The vault guard hits you with a +0 battleaxe.
* * * LOW HITPOINT WARNING * * *
The orc warlord shouts!
You puncture the vault guard! You burn the vault guard!
Your headbutt misses the vault guard.
The vault guard is heavily wounded.
The ironbound convoker gestures at the vault guard while chanting.
The vault guard seems to grow stronger.
You chop the vault guard into pieces!!! You burn the vault guard.
You kill the vault guard!
The harpy no longer looks unusually strong.
The orc warlord is no longer distracted by gold.
Your phial of floods has recharged.
You hit the ironbound convoker but do no damage.
The ironbound convoker is severely wounded.
You hit the ironbound convoker but do no damage.
You headbutt the ironbound convoker!
The ironbound convoker is almost dead.
The ironbound convoker gestures at the harpy while chanting.
The harpy seems to grow stronger.
You impale the ironbound convoker!! You burn the ironbound convoker.
You kill the ironbound convoker!
The harpy barely misses you. x2
You slash the harpy! You burn the harpy.
The harpy is heavily wounded.
The harpy claws you.
* * * LOW HITPOINT WARNING * * *
The harpy claws you but does no damage.
The orc warlord is distracted by your dazzling golden aura.
The ironbound preserver casts a spell.
The ironbound preserver begins to accept its allies' injuries.
The orc warlord shouts!
You hit the harpy but do no damage.
The harpy is heavily wounded.
You hear a shout!
The harpy claws you!
* * * LOW HITPOINT WARNING * * *
The harpy claws you but does no damage. The harpy claws you!!
You die...
Your body crumbles into a pile of gold.

.▓.▓[▓.▓[▓.▓§▓.▓.▓,*,*,*,*,*,*,*,
.▓.▓'▓.▓[▓.▓)▓.▓.▓,*,*,*,*,*,*,*,
.▓.▓)▓.▓[▓.▓.▓.▓.▓,*,*,*,*,*,*,*,
.▓.▓.▓.▓[▓.▓.▓.▓.▓,*,*,*,*,*,*,*,
.▓.▓)▓.▓[▓.▓)▓.▓.▓,*,*,*,*,*,*,*,
'▓.▓.▓.▓[▓.▓.▓.▓.▓,*,*,*,*,*,*,*,
.▓.▓)▓.▓.▓.▓.▓.▓.▓,*,*,*,*,*,*,*,
.▓.▓.▓.▓.▓.▓.▓.▓$▓,*,*,*,*,*,*,*,
.▓.▓.▓.▓!▓.▓.▓.▓@▓,*,*,*,*,*,*,*,
.▓.▓.▓.▓.▓.♣'♣.▓H▓,*,*,*+*,*,*,*,
.▓.▓.▓.▓.▓.♣.♣.▓p▓,*,*,*,*,*+*,*,
.▓.▓.▓.▓?▓.♣.♣.▓$▓,*,*,*,*,*,*,*,
.▓.▓.▓.▓?▓.♣)♣.▓k▓,*,*,*,*,*,*,*,
.▓.▓.▓.▓.▓.♣)♣.▓p▓,*,*,*,*,*$*,*,
.▓.▓'▓.▓.▓.♣.♣.▓.▓,*,*,*,*,*,*,*,
'▓.▓[▓.▓.▓.♣)♣.▓o▓,*,*,*,*,*$*,*,
.▓.▓[▓.▓'▓.♣.♣.▓.▓,*,*,*,*,*,*,*,


You could see an orc warlord (sheltered), an ironbound preserver, a lindwurm
(sheltered), an ironbound convoker (sheltered) and a harpy (strong, sheltered).

Vanquished Creatures
  A sphinx (D)
  Agnes (D)
  Gastronok (D)
  A fire giant (D)
  A ghost moth (D)
  Aizul (D)
  A stone giant (D)
  2 very ugly things (D)
  2 broodmothers (D)
  A vampire knight (D)
  A dire elephant (D)
  A spark wasp (D)
  A bunyip (D)
  3 ettins (D)
  Snorg (D)
  A merfolk javelineer (D)
  3 entropy weavers (D)
  3 yaktaur captains (D)
  A vault guard (D)
  5 fire dragons (D)
  A rakshasa (D)
  3 hydras (D)
  A catoblepas (D)
  2 centaur warriors (D)
  A ghost crab (D)
  A two-headed ogre (D)
  A death yak (D)
  An orc high priest (D)
  A deep troll earth mage (D)
  2 shock serpents (D)
  2 spriggan berserkers (D)
  Nergalle (D)
  A salamander mystic (D)
  A pharaoh ant (D)
  A swamp dragon (D)
  2 spriggan druids (D)
  A glowing orange brain (D)
  A bog body (D)
  An ironbound convoker (D)
  A necromancer (D)
  2 orc knights (D)
  A harpy (D)
  A manticore (D)
  3 ugly things (D)
  2 cyclopes (D)
  7 orc sorcerers (D)
  A moth of wrath (D)
  A salamander (shapeshifter) (D)
  7 elephants (D)
  5 black mambas (D)
  A merfolk siren (D)
  A torpor snail (D)
  4 cane toads (D)
  An unseen horror (D)
  A kobold demonologist (D)
  A komodo dragon (D)
  A guardian mummy (D)
  A yaktaur (shapeshifter) (D)
  A tengu conjurer (D)
  2 trolls (D)
  2 polar bears (D)
  2 dream sheep (D)
  2 snapping turtles (D)
  2 slime creatures (D)
  A water elemental (D)
  A shadow (D)
  2 yaks (D)
  A steam dragon (D)
  A vampire mosquito (D)
  A naga (D)
  4 water moccasins (D)
  9 orc warriors (D)
  A bullfrog (D)
  A scorpion (D)
  A wight (D)
  A hound (D)
  3 orc priests (D)
  11 orc wizards (D)
  2 adders (D)
  6 orcs (D)
  An endoplasm (D)
  A goblin (D)
  A kobold (D)
  2 quokkas (D)
  A rat (D)
162 creatures vanquished.

Vanquished Creatures (others)
  An ogre mage (D)
  A spriggan druid (D)
2 creatures vanquished.

Grand Total: 164 creatures vanquished

Notes
Turn   | Place    | Note
-------+----------+-------------------------------------------
     0 | D        | Heoruswealwe the Minotaur Fighter began the quest for the
                  | Orb.
     0 | D        | Reached XP level 1. HP: 19/19 MP: 0/0
    14 | D        | Reached skill level 3 in Polearms
    55 | D        | Noticed a hound
    55 | D        | Noticed a scorpion
    63 | D        | Reached skill level 4 in Polearms
    63 | D        | Reached XP level 2. HP: 18/28 MP: 1/1
    71 | D        | Reached skill level 5 in Fighting
    71 | D        | Reached skill level 6 in Polearms
    71 | D        | Reached skill level 5 in Armour
    71 | D        | Reached XP level 3. HP: 25/36 MP: 2/2
    78 | D        | Killed a scorpion
    79 | D        | Reached skill level 8 in Polearms
    79 | D        | Reached XP level 4. HP: 32/45 MP: 3/3
    88 | D        | Found a snail-covered altar of Cheibriados.
    88 | D        | Found a shadowy altar of Dithmenos.
    88 | D        | Found a white marble altar of Elyvilon.
    88 | D        | Found a blossoming altar of Fedhas.
    88 | D        | Found an opulent altar of Gozag.
    89 | D        | Found a hazy altar of Hepliaklqana.
    90 | D        | Found a viscous altar of Jiyva.
    91 | D        | Found an ancient bone altar of Kikubaaqudgha.
    92 | D        | Found a corrupted altar of Lugonu.
    93 | D        | Found a burning altar of Makhleb.
    94 | D        | Found a sparkling altar of Nemelex Xobeh.
    95 | D        | Found an iron altar of Okawaru.
    96 | D        | Became a worshipper of Gozag Ym Sagoz the Greedy
    97 | D        | Found a stormy altar of Qazlal.
    98 | D        | Found a sacrificial altar of Ru.
    99 | D        | Found a shimmering blue altar of Sif Muna.
   100 | D        | Found a bloodstained altar of Trog.
   101 | D        | Found a hide-covered altar of Uskayaw.
   102 | D        | Found a radiant altar of Vehumet.
   103 | D        | Found an ornate altar of the Wu Jian Council.
   104 | D        | Found a shimmering altar of Xom.
   105 | D        | Found a basalt altar of Yredelemnul.
   106 | D        | Found a glowing silver altar of Zin.
   107 | D        | Found a glowing golden altar of the Shining One.
   167 | D        | Noticed a two-headed ogre
   167 | D        | Noticed a steam dragon
   167 | D        | Noticed a troll
   167 | D        | Noticed an orc warrior
   177 | D        | Killed a two-headed ogre
   178 | D        | Reached skill level 10 in Fighting
   178 | D        | Reached skill level 13 in Polearms
   178 | D        | Reached skill level 10 in Armour
   178 | D        | Reached XP level 5. HP: 12/59 MP: 4/4
   178 | D        | Reached XP level 6. HP: 14/67 MP: 5/5
   178 | D        | Reached XP level 7. HP: 15/73 MP: 6/6
   179 | D        | Killed a steam dragon
   180 | D        | Reached skill level 14 in Polearms
   182 | D        | HP: 1/73 [troll (13)]
   189 | D        | Killed a troll
   190 | D        | Reached XP level 8. HP: 28/82 MP: 7/7
   200 | D        | Killed an unseen horror
   201 | D        | Reached skill level 15 in Polearms
   398 | D        | Noticed a centaur warrior
   398 | D        | Noticed a kobold demonologist
   398 | D        | Noticed a troll
   398 | D        | Noticed a slime creature
   401 | D        | Killed a centaur warrior
   402 | D        | Reached skill level 17 in Polearms
   402 | D        | Reached XP level 9. HP: 85/92 MP: 8/8
   407 | D        | Killed a kobold demonologist
   410 | D        | Killed a troll
   416 | D        | Reached skill level 18 in Polearms
   601 | D        | Noticed a cane toad
   601 | D        | Noticed a polar bear
   601 | D        | Noticed a cane toad
   601 | D        | Noticed a cane toad
   605 | D        | Killed a cane toad
   608 | D        | Killed a polar bear
   610 | D        | Killed a cane toad
   611 | D        | Reached skill level 19 in Polearms
   619 | D        | Reached XP level 10. HP: 21/104 MP: 9/9
   622 | D        | Killed a cane toad
   860 | D        | Reached skill level 20 in Polearms
   871 | D        | Noticed a cane toad
   871 | D        | Noticed a five-headed hydra
   871 | D        | Noticed a death yak
   879 | D        | Reached skill level 15 in Fighting
   879 | D        | Reached skill level 15 in Armour
   885 | D        | Killed a nine-headed hydra
   892 | D        | Killed a death yak
   896 | D        | Killed a cane toad
   897 | D        | Reached skill level 21 in Polearms
  1031 | D        | Noticed an elephant
  1031 | D        | Noticed an elephant
  1031 | D        | Noticed an elephant
  1031 | D        | Noticed an elephant
  1031 | D        | Noticed a dire elephant
  1031 | D        | Noticed an elephant
  1036 | D        | Killed an elephant
  1039 | D        | Killed an elephant
  1040 | D        | Reached XP level 11. HP: 115/115 MP: 10/10
  1049 | D        | Killed a dire elephant
  1050 | D        | Reached skill level 22 in Polearms
  1094 | D        | Reached skill level 23 in Polearms
  1558 | D        | Noticed an orc knight
  1558 | D        | Noticed an orc knight
  1564 | D        | Killed an orc knight
  1575 | D        | Killed an orc knight
  1602 | D        | Noticed an orc high priest
  1619 | D        | Killed an orc high priest
  1846 | D        | Found Hounwyhe's General Store.
  1846 | D        | Noticed an orc sorcerer
  1846 | D        | Noticed an orc sorcerer
  1853 | D        | Paralysed by an orc sorcerer for 3 turns
  1856 | D        | Noticed an orc sorcerer
  1857 | D        | Killed an orc sorcerer
  1858 | D        | Reached skill level 24 in Polearms
  1858 | D        | Found Uxeneot's Book Shoppe.
  1860 | D        | Killed an orc sorcerer
  1867 | D        | Found Nidd's Book Emporium.
  1873 | D        | Killed an orc sorcerer
  1879 | D        | Found Butyts's Assorted Antiques.
  1882 | D        | Noticed an orc sorcerer
  1883 | D        | Noticed an orc sorcerer
  1884 | D        | Noticed an orc sorcerer
  1886 | D        | Noticed an orc sorcerer
  1894 | D        | Killed an orc sorcerer
  1899 | D        | Noticed a sixfirhy
  1912 | D        | Killed an orc sorcerer
  1916 | D        | Killed an orc sorcerer
  1921 | D        | Paralysed by an orc sorcerer for 2 turns
  1927 | D        | Killed an orc sorcerer
  1928 | D        | Reached XP level 12. HP: 34/128 MP: 11/11
  2009 | D        | Bought a scroll of identify for 44 gold pieces
  2009 | D        | Bought a fizzy coppery potion for 19 gold pieces
  2009 | D        | Bought a scroll labelled MACKUE JOOVE for 22 gold pieces
  2009 | D        | Bought a scroll labelled HAFIYFF ZAOPAEZO for 22 gold
                  | pieces
  2011 | D        | Bought a manual of Armour for 1120 gold pieces
  2015 | D        | Bought a scroll of torment for 114 gold pieces
  2015 | D        | Bought a potion of degeneration for 12 gold pieces
  2038 | D        | Bought a scroll of identify for 50 gold pieces
  2038 | D        | Bought a potion of curing for 75 gold pieces
  2071 | D        | Bought a box of beasts for 440 gold pieces
  2071 | D        | Bought a scroll of blinking for 82 gold pieces
  2071 | D        | Bought 2 potions of mutation for 176 gold pieces
  2071 | D        | Bought a potion of mutation for 88 gold pieces
  2077 | D        | Bought a brightly glowing halberd for 270 gold pieces
  2077 | D        | Identified the +2 halberd of Massacring {flame, rF+ Will+
                  | Int+3} (You bought it in a shop in the Dungeon)
  2119 | D        | Bought a glowing crystal plate armour for 2324 gold pieces
  2119 | D        | Bought a potion of heal wounds for 140 gold pieces
  2119 | D        | Bought an encrusted fluorescent wand for 112 gold pieces
  2119 | D        | Bought a scroll of identify for 56 gold pieces
  2119 | D        | Bought a glowing ruby amulet for 140 gold pieces
  2192 | D        | Noticed Gastronok
  2203 | D        | Killed Gastronok
  2204 | D        | Reached skill level 25 in Polearms
  2387 | D        | Noticed a catoblepas
  2387 | D        | Noticed an ogre mage
  2395 | D        | Noticed a centaur warrior
  2415 | D        | Killed a catoblepas
  2434 | D        | Noticed an ettin
  2435 | D        | Killed an ogre mage
  2436 | D        | Noticed a fire dragon
  2439 | D        | Killed a centaur warrior
  2441 | D        | Reached skill level 26 in Polearms
  2446 | D        | Noticed an ettin
  2447 | D        | Noticed an ettin
  2452 | D        | Killed an ettin
  2465 | D        | Killed a fire dragon
  2480 | D        | Killed an ettin
  2487 | D        | Killed an ettin
  2700 | D        | Bought a scroll of identify for 34 gold pieces
  2700 | D        | Bought a phial of floods for 680 gold pieces
  2700 | D        | Bought a scroll of immolation for 68 gold pieces
  2747 | D        | Noticed Snorg
  2753 | D        | Killed Snorg
  2754 | D        | Reached skill level 27 in Polearms
  2801 | D        | Reached skill level 1 in Dodging
  2806 | D        | Reached skill level 1 in Evocations
  2816 | D        | Reached skill level 5 in Shields
  2826 | D        | Reached XP level 13. HP: 47/141 MP: 12/12
  3076 | D        | Noticed a merfolk javelineer
  3097 | D        | Reached skill level 5 in Dodging
  3103 | D        | Killed a merfolk javelineer
  3300 | D        | Noticed a bunyip
  3338 | D        | Killed a bunyip
  3339 | D        | Reached skill level 5 in Evocations
  3516 | D        | Noticed a broodmother
  3660 | D        | Killed a broodmother
  3664 | D        | Killed a ghost moth
  3675 | D        | Noticed a broodmother
  3688 | D        | Killed a broodmother
  3799 | D        | Bought a scroll of enchant armour for 105 gold pieces
  3799 | D        | Bought a scroll of enchant weapon for 105 gold pieces
  3799 | D        | Bought a scroll of poison for 56 gold pieces
  3799 | D        | Bought a scroll of enchant weapon for 105 gold pieces
  3799 | D        | Bought a scroll of identify for 28 gold pieces
  3799 | D        | Bought a scroll of identify for 28 gold pieces
  3799 | D        | Bought a scroll of identify for 28 gold pieces
  3828 | D        | Noticed Aizul
  3829 | D        | Noticed Nergalle
  3839 | D        | Killed Aizul
  3840 | D        | Reached skill level 10 in Shields
  3844 | D        | Killed Nergalle
  3975 | D        | Noticed Agnes
  3982 | D        | Killed Agnes
  4120 | D        | Noticed a fire dragon
  4120 | D        | Noticed a fire dragon
  4120 | D        | Noticed a stone giant
  4123 | D        | Noticed a fire giant
  4127 | D        | Noticed a white very ugly thing
  4135 | D        | Killed a fire dragon
  4136 | D        | Noticed a brown very ugly thing
  4151 | D        | Killed a fire dragon
  4155 | D        | Killed a stone giant
  4160 | D        | Killed a fire giant
  4160 | D        | Noticed a fire dragon
  4168 | D        | Killed a white very ugly thing
  4169 | D        | Reached skill level 10 in Dodging
  4175 | D        | Killed a white very ugly thing
  4179 | D        | Reached XP level 14. HP: 76/155 MP: 13/13
  4196 | D        | Noticed a vampire knight
  4202 | D        | Noticed a sphinx
  4221 | D        | Killed a vampire knight
  4225 | D        | Killed a sphinx
  4322 | D        | Reached skill level 10 in Evocations
  4322 | D        | Noticed an ironbound preserver
  4348 | D        | Noticed an orc warlord
  4356 | D        | Mangled by a harpy

Illustrated notes

Levels and vault maps discovered:
D:        linesprint [early_d, line_temple, items_1, d_10, items_2, lair_1,
          lair_end, items_3, orc_1, orc_end, items_4, d_15, swamp_1, shoals_1,
          snake_1, spider_1, d_20, vaults_1, items_5, swamp_end, shoals_end,
          snake_end, spider_end, vaults_end, d_27, items_6, zot_1, zot_end,
          crypt_end, forest_end, elf_end, slime_end, tomb_end, abyss_end,
          pan_hell_end]

Skill      XL: |  1  2  3  4  5  6  7  8  9 10 11 12 13 14 |
---------------+-------------------------------------------+-----
Polearms       | 4 6 8 13 14 17 19 21 24 27 | 27.0
Fighting       | 4 5 6 10 11 12 14 16 18 20 22 23 | 23.5
Armour         | 4 5 6 10 11 12 14 16 18 22 24 25 | 25.5
Dodging        | 3 10 12 | 12.1
Shields        | 5 11 13 | 13.7
Evocations     | 3 8 10 | 10.3

Action                     |  1- 3 |  4- 6 |  7- 9 | 10-12 | 13-15 || total
---------------------------+-------+-------+-------+-------+-------++-------
  Melee: Trident           |    42 |     3 |       |       |       ||    45
         Headbutt          |     3 |       |    11 |    69 |    75 ||   158
         Halberd           |       |     7 |    59 |   320 |   288 ||   674
 Invoke: Call Merchant     |       |       |       |     5 |     1 ||     6
  Evoke: Phial of floods   |       |       |       |       |     1 ||     1
    Use: Potion            |     1 |     3 |     3 |     6 |     6 ||    19
         Scroll            |       |       |     1 |     4 |     2 ||     7
   Stab: Distracted        |       |       |       |     3 |       ||     3
         Petrified         |       |       |       |     4 |       ||     4
 Armour: Scale mail        |    15 |       |       |       |       ||    15
         Plate armour      |       |     2 |    33 |    89 |       ||   124
         Crystal plate arm |       |       |       |    63 |   211 ||   274
  Dodge: Dodged            |    18 |     6 |     7 |    70 |    66 ||   167
  Block: Buckler           |     8 |       |       |       |       ||     8
         Other             |       |       |       |    11 |    36 ||    47
         Reflection        |       |       |       |       |     1 ||     1
